 Dungeon Crawl Stone Soup version 0.28.0-43-g3370ac3207 (webtiles) character file.

Game seed: 17340524685398006283

987 Woods the Magician (level 7, -7/38 HPs)
             Began as a Deep Elf Conjurer on Mar 3, 2022.
             Was an Initiate of Yredelemnul.
             Hit by a stone thrown by an orc warrior (14 damage)
             ... on level 5 of the Dungeon.
             The game lasted 00:11:59 (6817 turns).

Woods the Magician (Deep Elf Conjurer)              Turns: 6817, Time: 00:12:00

Health: -7/38      AC:  3    Str:  4    XL:     7   Next: 97%
Magic:  16/18      EV: 13    Int: 25    God:    Yredelemnul [......]
Gold:   249        SH:  0    Dex: 13    Spells: 4/18 levels left

rFire   . . .      SeeInvis .   (no weapon)
rCold   . . .      Faith    .   (no shield)
rNeg    . . .      Spirit   .   a - +0 robe
rPois   .          Reflect  .   (no helmet)
rElec   .          Harm     .   (no cloak)
rCorr   .          Rampage  .   i - +0 pair of gloves
Will    .....                   (no boots)
Stlth   +++.......              (no amulet)
HPRegen 0.12/turn               b - ring of flight
MPRegen 0.16/turn               (no ring)

@: flying
A: no striking features
a: Renounce Religion, Recall Undead Harvest


You were on level 5 of the Dungeon.
You worshipped Yredelemnul.
Yredelemnul was noncommittal.
You visited 2 branches of the dungeon, and saw 6 of its levels.

You collected 249 gold pieces.

Inventory:

Missiles
 p - 2 throwing nets
Armour
 a - a +0 robe (worn)
 i - a +0 pair of gloves (worn)
Jewellery
 b - a ring of flight (left hand)
 l - a ring of fire
Scrolls
 c - 4 scrolls of teleportation {unknown}
 d - 4 scrolls of identify {unknown}
 f - 2 scrolls of amnesia {unknown}
 g - a scroll of blinking {unknown}
 k - a scroll of fog {unknown}
 o - 3 scrolls of noise {unknown}
Potions
 e - a potion of attraction {unknown}
 h - a potion of cancellation {unknown}
 j - a potion of magic {unknown}
 m - a potion of berserk rage {unknown}
 n - a potion of flight {unknown}


   Skills:
 + Level 1.3 Fighting
 - Level 5.0 Dodging
 - Level 5.0 Stealth
 + Level 6.4 Spellcasting
 - Level 6.0 Conjurations
 + Level 2.1 Hexes
 - Level 4.0 Translocations
 + Level 1.7 Invocations


You had 4 spell levels left.
You knew the following spells:

 Your Spells              Type           Power      Damage    Failure   Level
a - Magic Dart            Conj           100%       1d8       1%          1
b - Searing Ray           Conj           76%        2d7       1%          2
c - Dazzling Flash        Conj/Hex       56%        N/A       4%          3
d - Fulminant Prism       Conj/Hex       14%        3d9       13%         4
e - Iskenderun's Mystic   Conj/Tloc      33%        2d8       9%          4

Your spell library contained the following spells:

 Spells                   Type           Power      Damage    Failure   Level


Dungeon Overview and Level Annotations

Branches:
Dungeon (5/15)             Temple (1/1) D:5

Altars:
Ashenzari
Cheibriados
Dithmenos
Gozag
Hepliaklqana
Kikubaaqudgha
Makhleb
Nemelex Xobeh
Okawaru
Qazlal
Ru
Sif Muna
Trog
Uskayaw
Wu Jian
Xom
Yredelemnul
Zin
The Shining One

Annotations:
D:3 1 runed translucent door, experimilk's ghost, amateur PaAK


Message History

Confirm with . or Enter, or press ? or * to list all spells.
Aiming: Searing Ray (safe; 1% risk of failure)
Press: ? - help, Shift-Dir - straight line, f - orc
Aim: an orc, wielding a +0 war axe and wearing a +0 ring mail (wandering, hasn't noticed you, 83% to hit)
The searing ray hits the orc.
The orc is lightly wounded. (Press . to maintain the ray.)
The searing ray hits the orc!
You kill the orc!
Magic restored.
An orc warrior comes into view. It is wielding a +0 scimitar.
An orc warrior is nearby!
An orc warrior is nearby!
Casting: Searing Ray (safe; 1% risk of failure)
Confirm with . or Enter, or press ? or * to list all spells.
Aiming: Searing Ray (safe; 1% risk of failure)
Press: ? - help, Shift-Dir - straight line, f - orc warrior
Aim: an orc warrior, wielding a +0 scimitar, wearing a +0 chain mail and quivering stones (wandering, hasn't noticed you, 78% to hit)
The searing ray misses the orc warrior. (Press . to maintain the ray.)
The orc warrior shouts!
The searing ray hits the orc warrior!
The orc warrior is moderately wounded.
The searing ray hits the orc warrior.
The orc warrior is heavily wounded.
The orc warrior throws a stone.
The stone hits you!
The searing ray hits the orc warrior but does no damage.
The orc warrior is heavily wounded.
You finish channelling your searing ray.
The orc warrior barely misses you.
Things that are here:
a +0 war axe; a +0 ring mail The orc warrior throws a stone.
The stone hits you!
The orc warrior throws a stone.
The stone barely misses you.
The orc warrior throws a stone.
The stone hits you!
* * * LOW HITPOINT WARNING * * *
You see here a +0 long sword.
The orc warrior throws a stone.
The stone hits you!
You die...
Your body rises from the dead as a mindless zombie.

..........#...# #.#.. ..#.###.
..Z.......#...# #.#.##.##.....
..#########...######.#.#...#.####
..### #........##.#>#...#.....
....# #.................#.###.
....# ###.).......#.#.....#.# #.
....# #.........#.#.#.....#.###.
...Z# #.........#.#.#....##.....
....# #........@#.#.#........#..
....########.....#.#.#....#######
)...'......#.###.#.#.#.<.## #
....#####...####.#.#.##.## #
##### #.o...).#.#.#.##># # ###
#.....#...#.#.##.# .'
..######..#.###..#.#Z.#.# ...#
........##..###..#.##.#.# ....##
..####.##...##........#.# ...# #


You could see an orc warrior.

Vanquished Creatures
  An ogre (D:5)
  A bullfrog (D:5)
  A water moccasin zombie (D:5)
  A water moccasin skeleton (D:5)
  4 wights (D:4)
  A bullfrog zombie (D:5)
  A gnoll shaman (D:4)
  A jelly (D:5)
  3 hounds
  2 centaur skeletons
  An orc wizard (D:2)
  An iguana (D:5)
  A hound skeleton (D:4)
  10 gnolls
  6 adders
  An ufetubus (D:5)
  5 dart slugs
  9 orcs
  2 bats
  8 endoplasms
  7 giant cockroaches
  10 goblins
  6 hobgoblins
  3 quokkas
  9 ball pythons
  4 frilled lizards
  4 kobolds
  5 rats
108 creatures vanquished.

Vanquished Creatures (collateral kills)
  A hound zombie (D:5)
1 creature vanquished.

Vanquished Creatures (others)
  3 gnoll zombies (D:5)
  7 fulminant prisms
  6 fungi (D:1)
  2 plants (D:1)
18 creatures vanquished.

Grand Total: 127 creatures vanquished

Notes
Turn   | Place    | Note
-------+----------+-------------------------------------------
     0 | D:1      | Woods the Deep Elf Conjurer began the quest for the Orb.
     0 | D:1      | Reached XP level 1. HP: 10/10 MP: 6/6
    55 | D:1      | Found a faded altar of an unknown god.
   141 | D:1      | Reached XP level 2. HP: 15/15 MP: 1/8
   144 | D:1      | Learned a level 2 spell: Searing Ray
  1304 | D:2      | Reached XP level 3. HP: 18/19 MP: 6/10
  1316 | D:2      | Reached skill level 5 in Conjurations
  1646 | D:2      | You fall into a shaft and drop 2 floors!
  2110 | D:2      | Learned a level 3 spell: Dazzling Flash
  2163 | D:2      | Reached XP level 4. HP: 24/24 MP: 6/12
  2191 | D:2      | Learned a level 4 spell: Fulminant Prism
  2348 | D:2      | Reached skill level 5 in Spellcasting
  3508 | D:3      | Found a runed translucent door.
  3509 | D:3      | Noticed experimilk's ghost (amateur PaAK)
  3800 | D:4      | Reached XP level 5. HP: 28/28 MP: 9/14
  3805 | D:4      | Learned a level 4 spell: Iskenderun's Mystic Blast
  3869 | D:4      | Found a glowing golden altar of the Shining One.
  4376 | D:4      | Reached skill level 1 in Translocations
  4382 | D:4      | Reached XP level 6. HP: 32/32 MP: 4/17
  5262 | D:5      | Entered Level 5 of the Dungeon
  5566 | D:5      | Reached XP level 7. HP: 36/36 MP: 12/18
  6017 | D:5      | Found a staircase to the Ecumenical Temple.
  6029 | Temple   | Entered the Ecumenical Temple
  6102 | Temple   | Became a worshipper of Yredelemnul the Dark
  6249 | D:5      | Reached skill level 5 in Stealth
  6352 | D:5      | Reached skill level 5 in Dodging
  6419 | D:5      | Reached skill level 1 in Hexes
  6483 | D:5      | Reached skill level 1 in Invocations
  6486 | D:5      | Reached * piety under Yredelemnul
  6497 | D:5      | Reached skill level 1 in Fighting
  6817 | D:5      | Hit by a stone thrown by an orc warrior

Illustrated notes

Levels and vault maps discovered:
D:1:      dpeg_chamrin_arrival_tetris, layout_loops_ring,
          dreamdust_ecumenical_altar_grove
D:2:      layout_loops_ring, serial_rivers, chequers_serial_rivers_large_b,
          chequers_serial_rivers_micro_a, chequers_serial_rivers_marsh,
          chequers_serial_rivers_micro_c, chequers_serial_rivers_micro_d,
          minmay_heptomino_l4
D:3:      layout_basic, ebering_ghost_reflecting_pool, grunt_decor_mini_mirrors,
          kennysheep_doodads
D:4:      layout_cave_pools, lemuel_round_altar
D:5:      kennysheep_six_static_rooms, layout_basic, minmay_temple_entry_wispy,
          minmay_misc_feat_cross
Temple:   compressed_dpeg_circular_temple

Skill      XL: |  1  2  3  4  5  6  7 |
---------------+----------------------+-----
Spellcasting   | 4 5 6 |  6.4
Conjurations   | 5 6 |  6.0
Translocations | 1 2 4 |  4.0
Stealth        | 3 4 5 |  5.0
Dodging        | 3 4 5 |  5.0
Hexes          | 2 |  2.1
Invocations    | 1 |  1.7
Fighting       | 1 |  1.3

Action                   |  1- 3 |  4- 6 |  7- 9 || total
-------------------------+-------+-------+-------++-------
Melee: Unarmed           |       |     1 |       ||     1
 Cast: Magic Dart        |    74 |    63 |     6 ||   143
       Searing Ray       |     4 |    21 |    18 ||    43
       Fulminant Prism   |       |     5 |     2 ||     7
Armor: Robe              |     2 |     9 |    11 ||    22
Dodge: Dodged            |     2 |    31 |    24 ||    57
